PL
BOSTON PATRIOTS @ MISSISSIPPI MOCKINGBIRDS
06/02/2048
 
TOP OF THE 1ST
Boston Patriots batting - Pitching for Mississippi Mockingbirds : RHP Boris Milatovic
Pitching: RHP Boris Milatovic
Batting: LHB Juan Andrés Martí 0-0: Swinging Strike
0-1: Fly out, F8 (Line Drive, 8LD, EV 92.5 MPH)
Batting: RHB Dídac Nores 0-0: Hit by Pitch
Batting: RHB Matsuo Ino 0-0: Reached on error, E8 (Flyball, 8LD, EV 100.6 MPH)
Dídac Nores to second
Batting: RHB Carlos Rivera 0-0: Ball
1-0: Ball
Wild Pitch!
Dídac Nores to third
Matsuo Ino to second
2-0: Foul Ball, location: 2F
2-1: Foul Ball, location: 2F
2-2: Foul Ball, location: 2F
2-2: SINGLE (Flyball, 8LS, EV 85.0 MPH)
Dídac Nores scores
Matsuo Ino to third
Runner from 3rd tries for Home, SAFE, throw by CF to home
Now in CF: John Richardson
Now in RF: Jorge Herrera
Batting: LHB Adhane Nduria 0-0: Ball
Carlos Rivera is caught stealing 2nd base 2-6
1-0: Ground out U3 (Groundball, 3L, EV 87.5 MPH)
Top of the 1st over - 2 runs, 1 hit, 1 error, 0 left on base; Boston 2 - Mississippi 0
BOTTOM OF THE 1ST
Mississippi Mockingbirds batting - Pitching for Boston Patriots : RHP Glenn Suggett
Pitching: RHP Glenn Suggett
Batting: SHB John Richardson 0-0: Called Strike
0-1: Ball
1-1: Called Strike
1-2: Ball
2-2: Fly out, F1 (Line Drive, P, EV 67.5 MPH)
Batting: RHB Juan Barrón 0-0: Ball
1-0: Swinging Strike
1-1: Ball
2-1: Swinging Strike
2-2: Foul Ball, location: 2F
2-2: Ball
3-2: Ground out 6-3 (Groundball, 6S, EV 80.6 MPH)
Batting: RHB Amor Campos 0-0: Ball
1-0: Fly out, F1 (Popup, P, EV 86.2 MPH)
Bottom of the 1st over - 0 runs, 0 hits, 0 errors, 0 left on base; Boston 2 - Mississippi 0
TOP OF THE 2ND
Boston Patriots batting - Pitching for Mississippi Mockingbirds : RHP Boris Milatovic
Batting: RHB Juan Lugo 0-0: Foul Ball, location: 2F
0-1: SINGLE (Line Drive, 34, EV 99.4 MPH)
Batting: SHB César Enríques 0-0: Ball
1-0: Fly out, F2 (Popup, 25F, EV 90.6 MPH)
Batting: RHB Thiago Yepes 0-0: Ball
1-0: Ball
2-0: Swinging Strike
2-1: Called Strike
2-2: Grounds into double play, 4-6-3 (Groundball, 4, EV 88.8 MPH)
Top of the 2nd over - 0 runs, 1 hit, 0 errors, 0 left on base; Boston 2 - Mississippi 0
BOTTOM OF THE 2ND
Mississippi Mockingbirds batting - Pitching for Boston Patriots : RHP Glenn Suggett
Batting: RHB António Macías 0-0: Swinging Strike
0-1: SOLO HOME RUN (Flyball, 7D, EV 94.4 MPH), Distance : 344 ft
Batting: LHB Martín Pliego 0-0: Ball
1-0: Called Strike
1-1: Swinging Strike
1-2: Strikes out swinging
Batting: RHB Terumoto Nakanishi 0-0: Ground out 6-3 (Groundball, 6, EV 87.5 MPH)
Batting: LHB Jorge Herrera 0-0: Ground out U3 (Groundball, 3, EV 103.8 MPH)
Bottom of the 2nd over - 1 run, 1 hit, 0 errors, 0 left on base; Boston 2 - Mississippi 1
TOP OF THE 3RD
Boston Patriots batting - Pitching for Mississippi Mockingbirds : RHP Boris Milatovic
Batting: RHB Damon Bansfield 0-0: SINGLE (Flyball, 8LS, EV 91.9 MPH)
Batting: LHB Juan Andrés Martí 0-0: Called Strike
0-1: Ball
1-1: Ball
2-1: Swinging Strike
2-2: Foul Ball, location: 2F
2-2: Foul Ball, location: 2F
2-2: Ball
3-2: Base on Balls
Damon Bansfield to second
Batting: RHB Dídac Nores 0-0: Swinging Strike
0-1: Ball
1-1: Foul Ball, location: 2F
1-2: Fly out, F8 (Line Drive, 8LD, EV 89.4 MPH)
Batting: RHB Matsuo Ino 0-0: Ball
Wild Pitch!
Damon Bansfield to third
Juan Andrés Martí to second
1-0: Foul Ball, location: 2F
1-1: Swinging Strike
1-2: Foul Ball, location: 2F
1-2: Ball
2-2: Fly out, F7 (Flyball, 78D, EV 99.4 MPH)
Runner from 3rd tags up, SCORES, no throw by LF
Batting: RHB Carlos Rivera 0-0: Ball
1-0: Ball
2-0: Called Strike
2-1: Swinging Strike
2-2: Ball
3-2: Base on Balls
Batting: LHB Adhane Nduria 0-0: Swinging Strike
0-1: Fly out, F1 (Popup, P, EV 80.0 MPH)
Top of the 3rd over - 1 run, 1 hit, 0 errors, 2 left on base; Boston 3 - Mississippi 1
BOTTOM OF THE 3RD
Mississippi Mockingbirds batting - Pitching for Boston Patriots : RHP Glenn Suggett
Batting: LHB Vance Lee 0-0: Called Strike
0-1: Swinging Strike
0-2: Strikes out swinging
Batting: RHB Yoshitora Nakayama 0-0: Called Strike
0-1: Foul Ball, location: 2F
0-2: Ball
1-2: Ball
2-2: Strikes out swinging
Batting: SHB John Richardson 0-0: Swinging Strike
0-1: DOUBLE (Line Drive, 9LS, EV 103.8 MPH)
Batting: RHB Juan Barrón 0-0: Foul Ball, location: 2F
0-1: Fly out, F6 (Flyball, 56D, EV 96.2 MPH)
Bottom of the 3rd over - 0 runs, 1 hit, 0 errors, 1 left on base; Boston 3 - Mississippi 1
TOP OF THE 4TH
Boston Patriots batting - Pitching for Mississippi Mockingbirds : RHP Boris Milatovic
Batting: RHB Juan Lugo 0-0: Fly out, F3 (Popup, 3, EV 65.0 MPH)
Batting: SHB César Enríques 0-0: Ball
1-0: Ball
2-0: Called Strike
2-1: Ball
3-1: Fly out, F5 (Popup, 5SF, EV 81.2 MPH)
Batting: RHB Thiago Yepes 0-0: Ball
1-0: Foul Ball, location: 2F
1-1: Ground out 6-3 (Groundball, 6S, EV 87.5 MPH)
Top of the 4th over - 0 runs, 0 hits, 0 errors, 0 left on base; Boston 3 - Mississippi 1
BOTTOM OF THE 4TH
Mississippi Mockingbirds batting - Pitching for Boston Patriots : RHP Glenn Suggett
Batting: RHB Amor Campos 0-0: Foul Ball, location: 2F
0-1: Ball
1-1: Foul Ball, location: 2F
1-2: Foul Ball, location: 2F
1-2: Foul Ball, location: 2F
1-2: Ball
2-2: Ground out 2-3 (Groundball, 2R, EV 65.0 MPH)
Batting: RHB António Macías 0-0: Foul Ball, location: 2F
0-1: Ball
1-1: SOLO HOME RUN (Flyball, 7D, EV 99.4 MPH), Distance : 386 ft
Batting: LHB Martín Pliego 0-0: SINGLE (Groundball, 4MD, EV 108.1 MPH)
Batting: RHB Terumoto Nakanishi 0-0: Ball
1-0: Foul Ball, location: 2F
1-1: Ball
2-1: Ball
3-1: Fielders Choice at 2nd, 5-4 (Groundball, 5, EV 75.6 MPH)
Batting: LHB Jorge Herrera 0-0: Ball
1-0: Ball
2-0: Ground out 4-3 (Groundball, 4, EV 101.9 MPH)
Bottom of the 4th over - 1 run, 2 hits, 0 errors, 1 left on base; Boston 3 - Mississippi 2
TOP OF THE 5TH
Boston Patriots batting - Pitching for Mississippi Mockingbirds : RHP Boris Milatovic
Batting: RHB Damon Bansfield 0-0: Swinging Strike
0-1: Ball
1-1: Called Strike
1-2: Strikes out swinging
Batting: LHB Juan Andrés Martí 0-0: Called Strike
0-1: Swinging Strike
0-2: Foul Ball, location: 2F
0-2: Foul Ball, location: 2F
0-2: Strikes out swinging
Batting: RHB Dídac Nores 0-0: Called Strike
0-1: Foul Ball, location: 2F
0-2: Foul Ball, location: 2F
0-2: Fly out, F9 (Flyball, 89D, EV 96.9 MPH)
Top of the 5th over - 0 runs, 0 hits, 0 errors, 0 left on base; Boston 3 - Mississippi 2
BOTTOM OF THE 5TH
Mississippi Mockingbirds batting - Pitching for Boston Patriots : RHP Glenn Suggett
Batting: LHB Vance Lee 0-0: Ground out 6-3 (Groundball, P, EV 87.5 MPH)
Batting: RHB Yoshitora Nakayama 0-0: Ball
1-0: DOUBLE (Line Drive, 9LS, EV 101.9 MPH)
Batting: SHB John Richardson 0-0: SINGLE (Line Drive, 4M, EV 104.4 MPH)
Yoshitora Nakayama to third
Batting: RHB Juan Barrón 0-0: Ball
1-0: DOUBLE (Line Drive, 9LM, EV 97.5 MPH)
Yoshitora Nakayama scores
John Richardson to third
Batting: RHB Amor Campos 0-0: Ground out 6-3 (Groundball, 56, EV 85.6 MPH)
John Richardson scores
Batting: RHB António Macías 0-0: Called Strike
0-1: Ball
1-1: Ball
2-1: Called Strike
2-2: Fly out, F8 (Line Drive, 8RD, EV 105.6 MPH)
Bottom of the 5th over - 2 runs, 3 hits, 0 errors, 1 left on base; Boston 3 - Mississippi 4
TOP OF THE 6TH
Boston Patriots batting - Pitching for Mississippi Mockingbirds : RHP Boris Milatovic
Batting: RHB Matsuo Ino 0-0: Called Strike
0-1: Ball
1-1: Foul Ball, location: 2F
1-2: Strikes out swinging, 2-3 out at first.
Batting: RHB Carlos Rivera 0-0: Called Strike
0-1: Ball
1-1: Ball
2-1: Foul Ball, location: 2F
2-2: Ground out 5-3 (Groundball, 56S, EV 86.2 MPH)
Batting: LHB Adhane Nduria 0-0: Ball
1-0: Ball
2-0: Ball
3-0: Called Strike
3-1: Base on Balls
Batting: RHB Juan Lugo 0-0: Ball
1-0: Fly out, F8 (Flyball, 8RM, EV 88.8 MPH)
Top of the 6th over - 0 runs, 0 hits, 0 errors, 1 left on base; Boston 3 - Mississippi 4
BOTTOM OF THE 6TH
Mississippi Mockingbirds batting - Pitching for Boston Patriots : RHP Glenn Suggett
Batting: LHB Martín Pliego 0-0: Foul Ball, location: 2F
0-1: Ball
1-1: Foul Ball, location: 2F
1-2: Foul Ball, location: 2F
1-2: Strikes out swinging, 2-3 out at first.
Batting: RHB Terumoto Nakanishi 0-0: Swinging Strike
0-1: Ball
1-1: Called Strike
1-2: Ball
2-2: SOLO HOME RUN (Line Drive, 78XD, EV 110.6 MPH), Distance : 405 ft
Pitching: RHP Valentin Calhamar
Batting: LHB Jorge Herrera 0-0: Ball
1-0: Ball
2-0: Called Strike
2-1: Fly out, F7 (Line Drive, 7D, EV 98.8 MPH)
Batting: LHB Vance Lee 0-0: Called Strike
0-1: Ball
1-1: Ball
2-1: Fly out, F8 (Flyball, 8RXD, EV 82.5 MPH)
Bottom of the 6th over - 1 run, 1 hit, 0 errors, 0 left on base; Boston 3 - Mississippi 5
TOP OF THE 7TH
Boston Patriots batting - Pitching for Mississippi Mockingbirds : RHP Boris Milatovic
Batting: SHB César Enríques 0-0: Called Strike
0-1: Foul Ball, location: 2F
0-2: Ball
1-2: Strikes out swinging wild pitch, reaches first!
Batting: RHB Thiago Yepes 0-0: Ball
1-0: Ball
2-0: Ball
3-0: Called Strike
3-1: Base on Balls
César Enríques to second
Batting: RHB Damon Bansfield 0-0: Grounds into double play, 6-4-3 (Groundball, 6, EV 85.0 MPH)
César Enríques to third
Batting: LHB Juan Andrés Martí 0-0: Ball
1-0: Fly out, F6 (Popup, 6, EV 76.2 MPH)
Top of the 7th over - 0 runs, 0 hits, 0 errors, 1 left on base; Boston 3 - Mississippi 5
BOTTOM OF THE 7TH
Mississippi Mockingbirds batting - Pitching for Boston Patriots : RHP Valentin Calhamar
Batting: RHB Yoshitora Nakayama 0-0: Ball
1-0: SINGLE (Line Drive, 7LS, EV 100.0 MPH)
Batting: SHB John Richardson 0-0: Bunted foul
0-1: Sac Bunt to 25 - play at second, runner OUT! 5-6
Batting: RHB Juan Barrón 0-0: Ball
1-0: Foul Ball, location: 2F
1-1: Called Strike
1-2: Ball
John Richardson steals 2nd base
2-2: Foul Ball, location: 2F
2-2: Ball
3-2: Ground out 6-3 (Groundball, 6, EV 98.8 MPH)
Batting: RHB Amor Campos 0-0: Called Strike
0-1: Fly out, F7 (Line Drive, 7, EV 104.4 MPH)
Bottom of the 7th over - 0 runs, 1 hit, 0 errors, 1 left on base; Boston 3 - Mississippi 5
TOP OF THE 8TH
Boston Patriots batting - Pitching for Mississippi Mockingbirds : RHP Boris Milatovic
Batting: RHB Dídac Nores 0-0: Ball
1-0: Foul Ball, location: 2F
1-1: Foul Ball, location: 2F
1-2: Ball
2-2: Foul Ball, location: 2F
2-2: Strikes out swinging
Pitching: RHP Randy Smith
Batting: RHB Matsuo Ino 0-0: Called Strike
0-1: Swinging Strike
0-2: Ball
1-2: Ground out 5-3 (Groundball, 5, EV 106.9 MPH)
Batting: RHB Carlos Rivera 0-0: Foul Ball, location: 2F
0-1: Called Strike
0-2: Ball
1-2: Ball
2-2: Ball
3-2: SINGLE (Line Drive, 8LS, EV 110.6 MPH)
Batting: LHB Adhane Nduria 0-0: Called Strike
0-1: Foul Ball, location: 2F
0-2: Ball
1-2: Fielders Choice at 2nd, 6-4 (Groundball, 6, EV 99.4 MPH)
Top of the 8th over - 0 runs, 1 hit, 0 errors, 1 left on base; Boston 3 - Mississippi 5
BOTTOM OF THE 8TH
Mississippi Mockingbirds batting - Pitching for Boston Patriots : RHP Valentin Calhamar
Batting: RHB António Macías 0-0: Called Strike
0-1: Called Strike
0-2: Ball
1-2: Foul Ball, location: 2F
1-2: Ball
2-2: Foul Ball, location: 2F
2-2: Fly out, F9 (Flyball, 9, EV 86.2 MPH)
Batting: LHB Martín Pliego 0-0: Fly out, F5 (Popup, 56S, EV 60.6 MPH)
Batting: RHB Terumoto Nakanishi 0-0: SINGLE (Groundball, 56D, EV 101.9 MPH)
Batting: LHB Jorge Herrera 0-0: Foul Ball, location: 2F
0-1: Ground out 4-3 (Groundball, 4, EV 82.5 MPH)
Bottom of the 8th over - 0 runs, 1 hit, 0 errors, 1 left on base; Boston 3 - Mississippi 5
TOP OF THE 9TH
Boston Patriots batting - Pitching for Mississippi Mockingbirds : RHP Randy Smith
Pitching: LHP Amberlan Romubio
Batting: RHB Juan Lugo 0-0: SINGLE (Groundball, 6D, EV 94.4 MPH)
Batting: SHB César Enríques 0-0: Called Strike
0-1: Ball
1-1: Called Strike
1-2: Foul Ball, location: 2F
1-2: Foul Ball, location: 2F
1-2: Foul Ball, location: 2F
1-2: 2-RUN HOME RUN (Flyball, 7D, EV 94.4 MPH), Distance : 350 ft
Batting: RHB Thiago Yepes 0-0: Swinging Strike
0-1: Ball
1-1: Called Strike
1-2: Ball
2-2: Strikes out swinging
Batting: RHB Damon Bansfield 0-0: Ground out 4-3 (Groundball, 4, EV 86.9 MPH)
Batting: LHB Juan Andrés Martí 0-0: Ball
1-0: Called Strike
1-1: Called Strike
1-2: Ball
2-2: Foul Ball, location: 2F
2-2: Fly out, F9 (Flyball, 9LM, EV 81.9 MPH)
Top of the 9th over - 2 runs, 2 hits, 0 errors, 0 left on base; Boston 5 - Mississippi 5
BOTTOM OF THE 9TH
Mississippi Mockingbirds batting - Pitching for Boston Patriots : RHP Valentin Calhamar
Batting: LHB Vance Lee 0-0: Ball
1-0: DOUBLE (Line Drive, 9LS, EV 95.0 MPH)
Batting: RHB Yoshitora Nakayama 0-0: Swinging Strike
0-1: Foul Ball, location: 2F
0-2: Strikes out swinging
Batting: SHB John Richardson 0-0: Called Strike
0-1: Ball
1-1: Ball
2-1: Ball
3-1: Called Strike
3-2: SINGLE (Groundball, 4MD, EV 97.5 MPH)
Vance Lee to third
Runner from 3rd tries for Home, SAFE, throw by CF to home
Bottom of the 9th over - 1 run, 2 hits, 0 errors, 0 left on base; Boston 5 - Mississippi 6
Game Over ... Mississippi defeats Boston, 6 to 5
Monday, October 31st , 2022 - OOTP Baseball 22.12 Build 89